 Dungeon Crawl Stone Soup version 0.18-a0-965-g9200175 (webtiles) character file.

4518 root the Carver (level 10, -8/77 HPs)
             Began as a Formicid Fighter on Jan 1, 2016.
             Was an Elder of Makhleb.
             Mangled by a crocodile (14 damage)
             ... on level 1 of the Lair of Beasts.
             The game lasted 00:31:43 (10056 turns).

root the Carver (Formicid Fighter)                 Turns: 10056, Time: 00:31:43

Health: -8/77      AC: 12    Str: 27    XL:     10   Next: 66%
Magic:  10/10      EV:  8    Int:  7    God:    Makhleb [****..]
Gold:   77         SH: 14    Dex: 13    Spells: 0 memorised, 9 levels left

rFire  . . .     SeeInvis +     a - +0 long sword
rCold  . . .     Gourm    .     K - +1 chain mail {MR+}
rNeg   + + .     Faith    .     c - +0 shield
rPois  .         Spirit   .     (helmet unavailable)
rElec  .         Dismiss  .     (no cloak)
rCorr  .         Reflect  +     (no gloves)
SustAt .         Harm     .     H - +0 pair of boots
MR     ++...                    R - +2 amulet of reflection
Stlth  +.........               G - ring of positive energy
                                x - ring of positive energy

@: mighty, very resistant to hostile enchantments, very unstealthy
A: permanent stasis, dig shafts and tunnels, four strong arms, antennae 3
a: Dig, Shaft Self, Minor Destruction, Lesser Servant of Makhleb, Major
Destruction, Renounce Religion


You were on level 1 of the Lair of Beasts.
You worshipped Makhleb.
Makhleb was greatly pleased with you.
You were hungry.

You visited 3 branches of the dungeon, and saw 11 of its levels.

You collected 427 gold pieces.
You spent 350 gold pieces at shops.

Inventory:

Hand Weapons
 a - a +0 long sword (weapon)
Missiles
 I - 3 throwing nets (quivered)
Armour
 c - a +0 shield (worn)
 y - a +0 large shield
 H - a +0 pair of boots (worn)
 K - a +1 chain mail of magic resistance (worn)
Jewellery
 x - a ring of positive energy (left hand)
 G - a ring of positive energy (right hand)
 L - an uncursed ring of ice
 R - a +2 amulet of reflection (around neck)
Wands
 E - a wand of hasting (6/9)
 N - a wand of cold (1/15)
 O - a wand of disintegration (22/24)
 P - a wand of frost (17/48)
Scrolls
 b - a scroll of fear {unknown}
 g - 2 scrolls of fog {unknown}
 h - 4 scrolls of remove curse {unknown}
 i - 3 scrolls of teleportation {unknown}
 j - 7 scrolls of identify {unknown}
 m - 2 scrolls of immolation {unknown}
 o - 2 scrolls of noise {unknown}
 t - 2 scrolls of enchant armour {unknown}
 w - 2 scrolls of enchant weapon {unknown}
 A - 3 scrolls of magic mapping {unknown}
 C - 2 scrolls of recharging {unknown}
 S - a scroll of torment {unknown}
 T - a scroll of blinking {unknown}
Potions
 e - 5 potions of curing
 k - a potion of agility {unknown}
 l - a potion of resistance {unknown}
 n - a potion of degeneration {unknown}
 p - a potion of invisibility {unknown}
 q - 3 potions of cancellation {unknown}
 s - 2 potions of haste {unknown}
 u - a potion of mutation {unknown}
 B - a potion of beneficial mutation {unknown}
 D - a potion of magic {unknown}
 F - a potion of brilliance {unknown}
 Q - 2 potions of flight {unknown}
 U - a potion of poison {unknown}
Miscellaneous
 v - a plain deck of wonders
Comestibles
 f - 13 bread rations
 r - 7 meat rations
 z - 2 royal jellies
 J - 3 slices of pizza
 M - 7 beef jerkies


   Skills:
 + Level 6.3 Fighting
 * Level 9.5 Long Blades
 + Level 7.3 Armour
 * Level 7.6 Stealth
 + Level 8.5 Shields
 + Level 0.7 Evocations


You had 9 spell levels left.
You didn't know any spells.

Dungeon Overview and Level Annotations

Branches:
Dungeon (9/15)             Temple (1/1) D:7            Lair (1/8) D:8
    Orc: D:9-12

Altars:
Ashenzari
Cheibriados
Dithmenos
Elyvilon
Fedhas
Gozag
Kikubaaqudgha
Makhleb
Nemelex Xobeh
Okawaru
Pakellas
Qazlal
Ru
Sif Muna
Trog
Vehumet
Xom
Yredelemnul
Zin
The Shining One

Shops:
D:8 *   D:9 %

Annotations:
D:5 root's ghost, amateur FoFi


Innate Abilities, Weirdness & Mutations

You are under a permanent stasis effect.
You can dig through walls and to a lower floor.
Your four strong arms can wield two-handed weapons with a shield.
You have a pair of large antennae on your head (SInv).


Message History

* * * LOW HITPOINT WARNING * * *
Drink which item? (? for menu, Esc to quit)
It was a potion of curing.
You feel better. You block the porcupine's attack.
Drink which item? (? for menu, Esc to quit)
You feel very mighty all of a sudden. The porcupine bites you.
* * * LOW HITPOINT WARNING * * *
You slice the porcupine!!
You kill the porcupine!
Makhleb accepts your kill.
You can now hurl Makhleb's greater destruction.
You feel better.
You hit the crocodile.
The crocodile is lightly wounded.
The crocodile bites you!
* * * LOW HITPOINT WARNING * * *
Your chain mail prevents you from hitting the crocodile.
The crocodile is lightly wounded.
The crocodile bites you!
You die...

.# ## ..####.##..8..#
###.
...............##.8.
....................
..#...8..8.>.8....>.
...t..............
............#.8.
####.....8..# ###.
#@###......# ##.#.
####t.......#.##...#
###..+...8...## ###.#
###.#..#........######'#
#.............#.......♣♣
#...........####.....♣♣
#......#..### +....♣♣♣♣
#...........# #...^♣ ♣.
#######...+## ####.♣ ♣.


You could see a crocodile.

Vanquished Creatures
  A fire drake (D:8)
  3 yaks (Lair:1)
  A wyvern (D:8)
  A hungry ghost (D:8)
  A water moccasin (Lair:1)
  A porcupine (Lair:1)
  4 sky beasts
  2 ice beasts
  2 phantoms
  A black bear (D:9)
  2 eyes of draining (D:9)
  A necrophage (D:7)
  An orc warrior (D:9)
  3 ogres
  5 centaurs
  3 giant frogs
  3 scorpions
  A water moccasin skeleton (D:4)
  3 wights (D:8)
  A giant frog zombie (D:8)
  4 crimson imps
  3 hounds
  3 jellies
  2 centaur skeletons
  2 orc priests
  4 orc wizards
  An iguana (D:8)
  5 worker ants
  A hound zombie (D:5)
  7 adders
  4 shadow imps
  2 oozes
  An adder skeleton (D:7)
  2 worms (D:3)
  2 giant geckos (D:8)
  21 orcs
  6 bats
  5 giant cockroaches
  5 goblins
  7 hobgoblins
  5 jackals (D:6)
  7 kobolds
  6 quokkas
  6 giant newts
  A quokka skeleton (D:6)
  3 rats
155 creatures vanquished.

Vanquished Creatures (others)
  A wolf (Lair:1)
  A centaur (D:9)
2 creatures vanquished.

Grand Total: 157 creatures vanquished

Notes
Turn   | Place    | Note
--------------------------------------------------------------
     0 | D:1      | root the Formicid Fighter began the quest for the Orb.
     0 | D:1      | Reached XP level 1. HP: 18/18 MP: 1/1
   174 | D:1      | Reached XP level 2. HP: 24/24 MP: 2/2
   509 | D:1      | Reached skill level 4 in Shields
   756 | D:2      | Reached XP level 3. HP: 25/29 MP: 3/3
  1161 | D:2      | Found a white marble altar of Elyvilon.
  1165 | D:2      | Found a burning altar of Makhleb.
  1166 | D:2      | Found an ancient bone altar of Kikubaaqudgha.
  1167 | D:2      | Found a deep blue altar of Sif Muna.
  1167 | D:2      | Found a sacrificial altar of Ru.
  1170 | D:2      | Found a shattered altar of Ashenzari.
  1171 | D:2      | Found an iron altar of Okawaru.
  1179 | D:2      | Became a worshipper of Makhleb the Destroyer
  1664 | D:3      | Reached XP level 4. HP: 27/35 MP: 4/4
  1677 | D:3      | Reached skill level 1 in Stealth
  2432 | D:3      | Found a snail-covered altar of Cheibriados.
  2655 | D:4      | Reached XP level 5. HP: 22/41 MP: 5/5
  2832 | D:4      | Reached * piety under Makhleb
  2832 | D:4      | Reached skill level 5 in Shields
  3111 | D:4      | Reached XP level 6. HP: 48/48 MP: 6/6
  3745 | D:4      | Noticed a phantom
  3967 | D:5      | Entered Level 5 of the Dungeon
  3986 | D:5      | Found a sparkling altar of Nemelex Xobeh.
  4255 | D:5      | Noticed root's ghost (amateur FoFi)
  4328 | D:6      | Reached XP level 7. HP: 47/54 MP: 7/7
  4491 | D:6      | Found a shadowy altar of Dithmenos.
  4981 | D:6      | Reached skill level 5 in Armour
  5070 | D:5      | Reached ** piety under Makhleb
  5254 | D:4      | Reached skill level 5 in Long Blades
  5254 | D:4      | Reached skill level 6 in Shields
  5254 | D:4      | Reached XP level 8. HP: 36/61 MP: 8/8
  5464 | D:4      | Found a stormy altar of Qazlal.
  6458 | D:7      | Found a staircase to the Ecumenical Temple.
  6471 | Temple   | Entered the Ecumenical Temple
  6676 | D:7      | Reached skill level 5 in Fighting
  6676 | D:7      | Reached skill level 5 in Stealth
  6902 | D:7      | Reached XP level 9. HP: 68/68 MP: 9/9
  6926 | D:7      | Found a blossoming altar of Fedhas.
  7776 | D:8      | Reached skill level 7 in Shields
  7878 | D:8      | Noticed a fire drake
  7904 | D:8      | Killed a fire drake
  8045 | D:8      | Found a staircase to the Lair.
  8419 | D:8      | Reached *** piety under Makhleb
  8493 | D:9      | Found Zavuwet's Food Boutique.
  8505 | D:9      | Reached skill level 8 in Long Blades
  8505 | D:9      | Reached XP level 10. HP: 46/76 MP: 10/10
  8534 | D:9      | Found a radiant altar of Vehumet.
  8769 | D:8      | Found Refir's General Store.
  8776 | D:8      | Bought a +2 amulet of reflection for 350 gold pieces
  8871 | D:9      | Found a bloodstained altar of Trog.
  9022 | D:9      | Found a blossoming altar of Fedhas.
  9056 | D:9      | Reached skill level 9 in Long Blades
  9540 | Lair:1   | Entered Level 1 of the Lair of Beasts
 10054 | Lair:1   | Reached **** piety under Makhleb
 10056 | Lair:1   | Mangled by a crocodile

Vault maps used:
D:1:      nicolae_arrival_washed_ashore
D:2:      minitemple, kennysheep_generic_room_14
D:3:      cheibriados_altar_1, first_bread
D:4:      marbit_many_paths
D:5:      nemelex_deck
D:6:      grunt_dithmenos_smoke_and_mirrors
D:7:      nicolae_overflow_crystal_walls, minmay_temple_entry_trees,
          grunt_ministairs_8
D:8:      minmay_lair_entry_lava, serial_shops, shop, grunt_ogre_cave
D:9:      old_standard_altar, trog_eyes_of_draining, serial_shops,
          nicolae_shop_trees, fedhas_bush_and_centaur_altar
Temple:   hc_temple_tempest_star_small
Lair:1:   lemuel_another_geyser, bh_autumn_forest_stairs, grunt_megastairs_3

Action                   |  1- 3 |  4- 6 |  7- 9 | 10-12 || total
-------------------------+-------+-------+-------+-------++-------
Melee: Long sword        |   115 |   189 |   438 |   210 ||   952
 Abil: Dig               |       |       |     6 |       ||     6
Evoke: Wand              |       |       |     1 |     1 ||     2
  Use: Potion            |       |       |       |     3 ||     3
  Eat: Chunk             |     2 |     8 |    16 |     5 ||    31
       Beef jerky        |       |     1 |       |       ||     1
